 Dungeon Crawl Stone Soup version 0.23.0-3-gf3c87f2 (webtiles) character file.

Game seed: 1124048566510065419

163 zishaf the Firebug (level 5, -6/28 HPs)
             Began as a Deep Elf Fire Elementalist on Feb 20, 2019.
             Killed by nerve-wracking pain
             ... invoked by Grinder
              (13 damage)
             ... on level 4 of the Dungeon.
             The game lasted 00:06:06 (2792 turns).

zishaf the Firebug (Deep Elf Fire Elementalist)     Turns: 2792, Time: 00:06:07

Health: -6/28      AC:  2    Str:  6    XL:     5   Next: 20%
Magic:  18/22      EV: 14    Int: 20    God:
Gold:   169        SH:  0    Dex: 15    Spells: 8/12 levels left

rFire    . . .     SeeInvis .   b - +0 hunting sling
rCold    . . .     Gourm    .   (no shield)
rNeg     . . .     Faith    .   j - +0 robe
rPois    .         Spirit   .   (no helmet)
rElec    .         Reflect  .   (no cloak)
rCorr    .         Harm     .   (no gloves)
MR       .....                  (no boots)
Stlth    ++........             p - amulet of magic regeneration
HPRegen  0.09/turn              y - ring of magical power
MPRegen  0.43/turn              (no ring)

@: no status effects
A: no striking features
a: no special abilities


You were on level 4 of the Dungeon.
You were not hungry.

You visited 1 branch of the dungeon, and saw 4 of its levels.

You collected 169 gold pieces.

Inventory:

Hand Weapons
 a - a +0 whip
 b - a +0 hunting sling (weapon)
Missiles
 d - 92 stones
 o - 13 sling bullets (quivered)
Armour
 j - a +0 robe (worn)
Jewellery
 p - an amulet of magic regeneration (around neck)
 y - a ring of magical power (left hand)
Scrolls
 e - a scroll of random uselessness {unknown}
 h - a scroll of remove curse
 i - a scroll of immolation {unknown}
 q - 2 scrolls of fear
 u - a scroll of teleportation {unknown}
Potions
 f - a potion of experience {unknown}
 g - a potion of lignification {unknown}
 k - a potion of magic {unknown}
 l - a potion of haste {unknown}
 m - 2 potions of might
 s - a potion of brilliance
 v - a potion of ambrosia {unknown}
 x - 2 potions of flight
Comestibles
 c - 2 rations


   Skills:
 + Level 3.6 Dodging
 - Level 2.4 Stealth
 + Level 4.2 Spellcasting
 + Level 2.5 Conjurations
 * Level 4.8 Fire Magic


You had 8 spell levels left.
You knew the following spells:

 Your Spells              Type           Power        Failure   Level  Hunger
a - Flame Tongue          Conj/Fire      ###..        2%          1    None
c - Conjure Flame         Conj/Fire      ###.....     9%          3    ###....

Your spell library contained the following spells:

 Spells                   Type           Power        Failure   Level  Hunger
 Throw Flame              Conj/Fire      ###...       4%          2    #......
 Corona                   Hex            #......      13%         1    None
 Inner Flame              Hex/Fire       ##......     14%         3    ###....
 Ensorcelled Hibernation  Hex/Ice        #.....       19%         2    #......
 Dazzling Spray           Conj/Hex       #.....       22%         3    ###....
 Sticky Flame             Conj/Fire      ###.....     26%         4    ####...
 Confuse                  Hex            #.......     36%         3    ###....
 Tukima's Dance           Hex            #.......     36%         3    ###....
 Fireball                 Conj/Fire      ###.......   58%         5    ######.


Dungeon Overview and Level Annotations

Branches:
Dungeon (4/15)
 Temple: D:4-7

Altars:
Gozag
Uskayaw
Zin

Annotations:
D:4 Grinder


Message History

* * * LOW HITPOINT WARNING * * *
Casting: Flame Tongue (safe; 2% risk of failure)
Confirm with . or Enter, or press ? or * to list all spells.
Aiming: Flame Tongue (safe; 2% risk of failure)
Press: ? - help, Shift-Dir - straight line, f/p - Grinder
Aim: Grinder (almost dead)
The flame tongue hits Grinder.
Grinder is almost dead.
Grinder blinks!
Casting: Flame Tongue (safe; 2% risk of failure)
Confirm with . or Enter, or press ? or * to list all spells.
You can't see any susceptible monsters within range! (Use Z to cast anyway.) Firing (i - inventory. (/) - cycle)
o - 14 sling bullets (quivered)
Press: ? - help, Shift-Dir - straight line, f/p - Grinder
Aim: Grinder (almost dead)
You shoot a sling bullet.
The sling bullet closely misses Grinder.
Grinder gestures at you. Pain shoots through your body!
You die...

********* *,,,,,,,* *,*****,*
*,* *,* *,*****,***
########### *,*,,,,,,,*
#.........# *,*,***,*,*
##.#######<#### *,*,* *,*,*
##...##........#
*,*,***,*,###...@..#.##.##.##
*,,,,,,,*..(5.....###.......#
***,*****######.##.#.##.##..#
*,* #.......5.#*,.# **,*
#.####.####*,,# *,,* *#+**
#.#*,,,,,* *,**
**.,,**#.#*,***,* *,****
**,..ยง,*#)#*,#**,* *,**,**
**,,.....#.##.#.#.#


You could see Grinder.

Vanquished Creatures
  An ogre (D:4)
  An adder (D:2)
  A worm (D:2)
  A dart slug (D:2)
  A leopard gecko (D:3)
  2 orcs (D:3)
  2 ball pythons (D:1)
  2 bats
  3 giant cockroaches
  9 goblins
  9 hobgoblins
  2 jackals (D:1)
  11 kobolds
  A frilled lizard (D:3)
  8 rats
54 creatures vanquished.

Notes
Turn   | Place    | Note
-------+----------+-------------------------------------------
     0 | D:1      | zishaf the Deep Elf Fire Elementalist began the quest for
                  | the Orb.
     0 | D:1      | Reached XP level 1. HP: 10/10 MP: 6/6
   333 | D:1      | Reached XP level 2. HP: 15/15 MP: 4/8
   906 | D:1      | Reached XP level 3. HP: 19/19 MP: 6/9
   978 | D:1      | Learned a level 3 spell: Conjure Flame
  1087 | D:1      | You fall through a shaft!
  1669 | D:2      | Found a glowing silver altar of Zin.
  1670 | D:2      | Found an opulent altar of Gozag.
  2007 | D:3      | Noticed a +0 dagger
  2008 | D:3      | Noticed a +0 dagger
  2009 | D:3      | Found a hide-covered altar of Uskayaw.
  2201 | D:3      | Reached XP level 4. HP: 24/24 MP: 11/11
  2730 | D:4      | Noticed an ogre
  2744 | D:4      | Killed an ogre
  2744 | D:4      | Reached XP level 5. HP: 28/28 MP: 13/13
  2764 | D:4      | Noticed Grinder
  2792 | D:4      | Killed from afar by Grinder

Skill      XL: |  1  2  3  4 |
---------------+-------------+-----
Dodging        | 3 |  3.6
Fire Magic     | 4 |  4.8
Conjurations   | 2 |  2.5
Spellcasting   | 4 |  4.2
Stealth        | |  2.4

Action                   |  1- 3 |  4- 6 || total
-------------------------+-------+-------++-------
Melee: Whip              |     4 |       ||     4
 Fire: Hunting sling     |    47 |    27 ||    74
 Cast: Flame Tongue      |    50 |    18 ||    68
       Conjure Flame     |       |     1 ||     1
  Use: Scroll            |       |     6 ||     6
  Eat: Chunk             |     4 |     2 ||     6
Armor: Robe              |     3 |       ||     3
Dodge: Dodged            |    19 |     1 ||    20
